 Dungeon Crawl Stone Soup version 0.21-a0-111-g52d2817 (webtiles) character file.

1535 Kurtz the Cutter (level 8, -3/52 HPs)
             Began as an Octopode Abyssal Knight on July 12, 2017.
             Was a Priest of Lugonu.
             Slain by a wyvern skeleton (15 damage)
             ... on level 6 of the Dungeon.
             The game lasted 00:08:02 (6301 turns).

Kurtz the Cutter (Octopode Abyssal Knight)          Turns: 6301, Time: 00:08:03

Health: -3/52      AC:  1    Str: 13    XL:     8   Next: 86%
Magic:  10/10      EV: 12    Int: 14    God:    Lugonu [***...]
Gold:   189        SH:  8    Dex: 12    Spells: 7/7 levels left

rFire    . . .     SeeInvis .   l - +0 rapier (elec)
rCold    . . .     Gourm    .   D - +0 shield
rNeg     . . .     Faith    .   (helmet restricted)
rPois    .         Spirit   .   (no amulet)
rElec    .         Reflect  .   F - ring of ice
rCorr    .         Harm     .   E - ring of fire
MR       .....                  (no ring)
Stlth    ++++......             (no ring)
HPRegen  0.17/turn              (no ring)
MPRegen  0.12/turn              (no ring)
                                (no ring)
                                (no ring)

@: no status effects
A: almost no armour, stealthy swim, amphibious, 8 rings, constrict 8, camouflage
1, gelatinous body 1
a: Depart the Abyss, Bend Space, Banish, Renounce Religion


You were on level 6 of the Dungeon.
You worshipped Lugonu.
Lugonu was most pleased with you.
You were hungry.

You visited 1 branch of the dungeon, and saw 6 of its levels.
You visited the Abyss 1 time.
You also visited: Sewer.

You collected 189 gold pieces.

Inventory:

Hand Weapons
 a - a +1 hand axe
 l - a +0 rapier of electrocution (weapon)
 p - a +0 club
 r - a +0 blowgun
Missiles
 f - 5 exploding tomahawks (quivered)
 s - 48 poisoned needles
 w - 5 javelins
 C - 5 curare-tipped needles
Armour
 D - a +0 shield (worn)
Jewellery
 E - a ring of fire (right tentacle)
 F - a ring of ice (left tentacle)
Scrolls
 i - a scroll of fear {unknown}
 k - 3 scrolls of teleportation
 m - 3 scrolls of magic mapping {unknown}
 x - 3 scrolls of enchant weapon {unknown}
 y - 2 scrolls of amnesia {unknown}
 z - a scroll of fog {unknown}
 B - 3 scrolls of remove curse
 H - a scroll of enchant armour {unknown}
Potions
 d - 3 potions of flight
 e - a potion of lignification
 g - 3 potions of might
 h - 3 potions of berserk rage
 j - a potion of magic
 o - 4 potions of brilliance
 q - a potion of curing
 t - 8 potions of heal wounds {unknown}
 u - a potion of agility {unknown}
 v - a potion of resistance {unknown}
Books
 A - a book of Necromancy

   Spells                             Type                      Level
   a - Pain                           Necromancy                   1
   b - Animate Skeleton               Necromancy                   1
   c - Vampiric Draining              Necromancy                   3
   d - Regeneration                   Charms/Necromancy            3
   e - Animate Dead                   Necromancy                   4
   f - Control Undead                 Necromancy                   4
Comestibles
 b - 6 bread rations
 c - 3 meat rations
 n - 4 fruits
 G - 2 chunks of flesh


   Skills:
 - Level 3.0 Fighting
 * Level 7.2 Short Blades
 - Level 3.2 Axes
 * Level 4.4 Dodging
 * Level 6.3 Stealth
 * Level 2.7 Shields
 * Level 3.9 Invocations


You had 7 spell levels left.
You didn't know any spells.

Dungeon Overview and Level Annotations

Branches:
Dungeon (6/15)             Temple (0/1) D:6

Altars:
Dithmenos
Elyvilon
Hepliaklqana
Kikubaaqudgha
Okawaru
Qazlal
Wu Jian
Yredelemnul
The Shining One

Annotations:
D:6 Pikel


Innate Abilities, Weirdness & Mutations

You cannot wear most types of armour.
You are very stealthy in the water. (Stealth+)
You are amphibious.
You can wear up to eight rings at the same time.
You can use your tentacles to constrict eight enemies at once.
Your skin changes colour to match your surroundings (Stealth+).
Your rubbery body absorbs attacks. (AC +1, EV +1)


Message History

The wyvern skeleton barely misses you.
A slave comes into view.
The slave shouts!
You hit the wyvern skeleton.
Lightning courses through the wyvern skeleton!
You squeeze the wyvern skeleton!
The wyvern skeleton is severely damaged.
The wyvern skeleton bites you!
An iguana comes into view.
You see here a wand of polymorph (?/24).
You are too injured to fight recklessly!
Pikel drinks a potion.
Pikel seems to speed up.
The wyvern skeleton barely misses you. The wyvern skeleton bites you!
* * * LOW HITPOINT WARNING * * *
You hit the wyvern skeleton.
Your squeeze misses the wyvern skeleton.
The wyvern skeleton is severely damaged.
The wyvern skeleton bites you!
You die...

l...... ..
.(.....#####.#
.....[. .....#
....... .%..###
.......###p....#..
#.###/oK.K⌠....#
#.####.##p.##........
#......##Z###⌠.>.⌠###
##..@Z.# #.....#
#..##### #o.⌠(.# #÷##
#.)..... #.#
#..####.# #.# ...o ..
###.# #...# ###.###
#...#


You could see Pikel, an orc warrior, a slave, an adder skeleton and a wyvern
skeleton.

Vanquished Creatures
  3 ice beasts (D:5)
  A black bear (D:5)
  An ogre (D:5)
  A phantom (D:5)
  A centaur (D:5)
  A big kobold (Sewer)
  A bullfrog (D:6)
  A scorpion (D:5)
  2 crimson imps
  2 orc priests (D:5)
  2 orc wizards
  2 worker ants (D:5)
  6 adders
  6 gnolls
  2 howler monkey skeletons (D:4)
  A river rat (D:4)
  A shadow imp (D:5)
  An adder zombie (D:5)
  3 worms
  6 leopard geckos
  15 orcs
  3 ball pythons
  10 giant cockroaches
  8 goblins
  5 hobgoblins (D:3)
  3 jackals (D:1)
  16 kobolds
  4 quokkas
  5 bats
  6 frilled lizards
  7 rats
126 creatures vanquished.

Vanquished Creatures (others)
  The ghost of grandjackal the Skirmisher, a novice DsAM (D:4)
  The ghost of jink69 the Firebug, an amateur HuFE (D:3)
2 creatures vanquished.

Grand Total: 128 creatures vanquished

Notes
Turn   | Place    | Note
-------+----------+-------------------------------------------
     0 | Abyss:1  | Kurtz the Octopode Abyssal Knight began the quest for the Orb.
     0 | Abyss:1  | Reached XP level 1. HP: 16/16 MP: 2/2
     4 | Abyss:1  | Found a corrupted altar of Lugonu.
   101 | Abyss:2  | Noticed an apocalypse crab
   111 | D:1      | Escaped the Abyss
   275 | D:1      | Reached * piety under Lugonu
   278 | D:1      | Reached XP level 2. HP: 15/21 MP: 3/3
   705 | D:1      | You fall through a shaft!
   999 | D:2      | You fall through a shaft for 2 floors!
  1001 | D:4      | Reached skill level 1 in Short Blades
  1001 | D:4      | Reached XP level 3. HP: 26/26 MP: 4/4
  1029 | D:4      | Reached skill level 2 in Short Blades
  1029 | D:4      | Reached XP level 4. HP: 31/31 MP: 5/5
  1081 | D:4      | Noticed grandjackal's ghost (novice DsAM)
  1137 | D:4      | Found a glowing drain.
  1172 | Sewer    | Entered a sewer
  1197 | Sewer    | Noticed a big kobold
  1204 | Sewer    | Killed a big kobold
  1204 | Sewer    | Reached skill level 3 in Short Blades
  1204 | Sewer    | Reached XP level 5. HP: 24/36 MP: 6/6
  1474 | Sewer    | Reached ** piety under Lugonu
  1871 | D:3      | Found a hazy altar of Hepliaklqana.
  1873 | D:3      | Noticed jink69's ghost (amateur HuFE)
  2471 | D:2      | Reached skill level 1 in Stealth
  2506 | D:2      | HP: 1/36 [gnoll/spear (5)]
  2868 | D:2      | Reached XP level 6. HP: 27/42 MP: 7/7
  3202 | D:2      | Found a basalt altar of Yredelemnul.
  3205 | D:2      | Found a glowing golden altar of the Shining One.
  3205 | D:2      | Found a stormy altar of Qazlal.
  3273 | D:2      | Found a white marble altar of Elyvilon.
  3286 | D:2      | Reached skill level 4 in Short Blades
  3525 | D:3      | Reached *** piety under Lugonu
  3624 | D:3      | Banished jink69's ghost
  4126 | D:3      | Reached XP level 7. HP: 40/46 MP: 8/8
  4219 | D:3      | Reached skill level 1 in Shields
  4467 | D:4      | Found an ancient bone altar of Kikubaaqudgha.
  4467 | D:4      | Found an iron altar of Okawaru.
  4615 | D:4      | Banished grandjackal's ghost
  4808 | D:5      | Entered Level 5 of the Dungeon
  4932 | D:5      | Reached skill level 5 in Short Blades
  5182 | D:5      | Found a shadowy altar of Dithmenos.
  5425 | D:5      | Reached XP level 8. HP: 44/52 MP: 10/10
  5442 | D:5      | Reached skill level 5 in Stealth
  5803 | D:5      | Found an ornate altar of the Wu Jian Council.
  5910 | D:5      | Reached skill level 6 in Short Blades
  5980 | D:5      | Found a white marble altar of Elyvilon.
  6209 | D:5      | Reached skill level 7 in Short Blades
  6287 | D:6      | Found a staircase to the Ecumenical Temple.
  6288 | D:6      | Noticed Pikel
  6301 | D:6      | Slain by a wyvern skeleton

Vault maps used:
D:1:      scummos_arrival_simple_crosswalls
D:2:      minitemple, minivault_19, elyvilon_altar_3
D:3:      lemuel_round_altar, roderic_greek_sauvastika
D:4:      gammafunk_temple_overflow_pools, first_bread, portal_sewer_entry_a
D:5:      kennysheep_mini, lemuel_crystal_altar, nicolae_overflow_hidden_temple
D:6:      temple_fountains, serial_shops, kennysheep_little_box, uniq_pikel
Abyss:1:  evilmike_abyss_exit_6, hangedman_decor_riveting
Sewer:    kennysheep_pipe_town

Skill      XL: |  1  2  3  4  5  6  7  8 |
---------------+-------------------------+-----
Axes           | 3 |  3.2
Short Blades   | 1 2 3 4 5 7 |  7.2
Dodging        | 3 4 |  4.4
Stealth        | 1 3 4 6 |  6.3
Shields        | 1 2 |  2.7
Invocations    | 3 |  3.9
Fighting       | |  3.0

Action                   |  1- 3 |  4- 6 |  7- 9 || total
-------------------------+-------+-------+-------++-------
Melee: Hand axe          |    25 |       |       ||    25
       Constrict         |     9 |    37 |     9 ||    55
       Tentacles         |     5 |    20 |    20 ||    45
       Rapier            |     7 |   136 |    97 ||   240
Invok: Depart the Abyss  |     1 |       |       ||     1
       Banish            |       |     1 |     1 ||     2
  Use: Scroll            |     1 |     2 |     2 ||     5
       Potion            |       |     4 |       ||     4
 Stab: Sleeping          |     4 |    10 |     7 ||    21
  Eat: Chunk             |       |    10 |     7 ||    17
Armor: Skin              |     2 |     5 |     2 ||     9
Dodge: Dodged            |    16 |    92 |    30 ||   138
Block: Shield            |       |    19 |    30 ||    49
